Map: Dusk Towers

Players

WildCatBrown - Winner!

  • Race: Protoss Protoss
  • League: Gold

BloodsAngel

  • Race: Protoss Protoss
  • League: Silver

VOD

Have the link to the VOD?

Description

Time

  • Played on: Jan. 21, 2016, 11:37 a.m.
  • Length: 10:38
Show
View Real Time Build Order
Export as new Build Order

WildCatBrown Protoss - Winner!

Build Orders: 1 Gate Expand 

Get SALT Encoding   

  12  0:01  Probe (Chrono Boost)  
  13  0:11  Probe (Chrono Boost)  
  14  0:23  Probe (Chrono Boost)  
  14  0:25  Pylon  
  15  0:38  Assimilator  
  15  0:43  Probe (Chrono Boost)  
  16  0:51  Gateway  
  16  0:54  Probe (Chrono Boost)  
  17  1:04  Probe (Chrono Boost)  
  18  1:15  Probe (Chrono Boost)  
  19  1:23  Nexus  
  19  1:27  Probe (Chrono Boost)  
  20  1:39  Probe (Chrono Boost)  
  21  1:48  Cybernetics Core  
  21  1:49  Probe (Chrono Boost)  
  22  1:54  Pylon  
  22  2:00  Probe (Chrono Boost)  
  23  2:01  Assimilator  
  23  2:10  Probe (Chrono Boost)  
  23  2:21  Probe (Chrono Boost), Gateway  
  24  2:25  Adept  
  26  2:31  Probe (Chrono Boost)  
  27  2:37  Warp Gate  
  27  2:42  Mothership Core (Chrono Boost)  
  29  2:48  Probe (Chrono Boost)  
  30  2:52  Gateway  
  30  2:57  Pylon  
  30  2:59  Probe (Chrono Boost)  
  30  3:02  Adept  
  33  3:11  Probe x2 (Chrono Boost)  
  35  3:14  Adept  
  37  3:22  Probe (Chrono Boost)  
  37  3:24  Probe (Chrono Boost)  
  39  3:32  Probe (Chrono Boost), Robotics Facility  
  40  3:37  Probe (Chrono Boost), Pylon  
  41  3:47  Probe (Chrono Boost)  
  42  3:52  Assimilator  
  42  3:54  Probe (Chrono Boost)  
  43  3:56  Adept, Assimilator  
  43  3:58  Sentry  
  43  3:59  Adept  
  49  4:09  Probe x2 (Chrono Boost)  
  51  4:10  Forge  
  51  4:20  Probe (Chrono Boost)  
  52  4:30  Adept  
  52  4:31  Adept  
  56  4:32  Immortal  
  56  4:34  Stalker  
  62  4:47  Probe x2 (Chrono Boost), Pylon  
  60  5:06  Gateway  
  60  5:08  Gateway  
  60  5:17  Immortal  
  60  5:20  Stalker x3  
  70  5:32  Pylon  
  70  5:40  Pylon  
  70  5:50  Probe x2 (Chrono Boost), Twilight Council  
  70  5:55  Warp Prism  
  72  5:58  Robotics Bay  
  72  5:59  Stalker x2  
  72  6:00  Probe (Chrono Boost)  
  71  6:27  Stalker x3  
  71  6:28  Stalker  
  71  6:32  Immortal  
  83  6:43  Probe x2 (Chrono Boost)  
  83  6:44  Pylon  
  77  7:20  Stalker x2  
  77  7:21  Stalker x3  
  79  7:38  Immortal  
  83  7:49  Probe (Chrono Boost), Robotics Facility  
  83  7:50  Probe (Chrono Boost), Robotics Facility  
  85  8:05  Nexus, Adept x3  
  87  8:06  Adept  
  87  8:09  Assimilator  
  93  8:14  Assimilator  
  93  8:16  Pylon  
  93  8:17  Pylon  
  93  8:18  Blink  
  93  8:21  Pylon  
  93  8:28  Disruptor  
  93  8:34  Adept x4  
  92  8:35  Adept  
  66  9:30  Stalker x2  
  66  9:31  Stalker x3  
  74  9:35  Probe x2 (Chrono Boost)  
  74  9:36  Probe (Chrono Boost)  
  69  9:46  Probe x2 (Chrono Boost), Immortal x3  
  83  9:57  Stalker x2  
  83  9:58  Stalker x3  
Show
View Real Time Build Order
Export as new Build Order

BloodsAngel Protoss 

Build Orders:  

Get SALT Encoding   

  12  0:02  Probe (Chrono Boost)  
  13  0:14  Probe (Chrono Boost)  
  14  0:25  Probe (Chrono Boost), Pylon  
  15  0:35  Pylon  
  15  0:45  Gateway  
  15  0:50  Probe (Chrono Boost)  
  16  1:01  Forge  
  16  1:12  Gateway  
  16  1:28  Probe (Chrono Boost)  
  16  1:31  Assimilator  
  17  1:34  Zealot  
  17  1:38  Probe (Chrono Boost)  
  20  1:44  Photon Cannon  
  20  1:49  Probe (Chrono Boost)  
  21  2:04  Cybernetics Core  
  21  2:09  Pylon  
  21  2:23  Zealot  
  21  2:24  Zealot  
  25  2:38  Gateway  
  25  2:41  Warp Gate (Chrono Boost)  
  25  2:54  Pylon  
  25  2:56  Stalker  
  25  2:57  Stalker  
  29  3:22  Pylon  
  29  3:29  Stalker  
  29  3:30  Stalker  
  29  3:32  Zealot  
  35  3:38  Assimilator  
  35  3:41  Probe  
  36  3:53  Probe  
  37  4:07  Probe  
  38  4:12  Stalker x2  
  42  4:19  Probe  
  43  5:14  Adept  
  43  5:15  Adept x2  
  49  5:24  Gateway  
  49  5:26  Gateway  
  49  5:36  Stalker  
  49  5:37  Stalker x2  
  47  6:06  Sentry  
  47  6:07  Sentry  
  47  6:10  Adept  
  49  6:45  Nexus  
  49  6:48  Stalker  
  49  6:50  Stalker x2  
  23  7:38  Stalker x2  
  23  7:39  Stalker x3  
  33  7:52  Mothership Core  
  35  8:06  Stalker x5  
  27  10:06  Pylon  
  27  10:11  Pylon  
Tags
 
Add a new tag
Caveats
  • Supply blocks, unpowered buildings, or Contaminate may cause inaccurate times.
  • Supply counts are checked every 10 seconds.